 Dungeon Sprint DCSS version 0.29.1-12-g30fa7ad0bf (webtiles) character file.

Game seed: 14860121488039723591

8816 Groucho the Geomancer (level 11, -8/47 HPs)
             Began as a Spriggan Earth Elementalist on Dec 30, 2022.
             Was a High Priest of Vehumet.
             Killed from afar by Dowan (39 damage)
             ... with a bolt of cold
             ... in the Dungeon (Sprint III: "The Ten Rune Challenge").
             The game lasted 00:15:33 (5248 turns).

Groucho the Geomancer (Spriggan Earth Elementalist) Turns: 5248, Time: 00:15:34

Health: -8/47      AC:  4    Str:  4    XL:     11   Next: 14%
Magic:  12/28      EV: 26    Int: 21    God:    Vehumet [*****.]
Gold:   31         SH:  0    Dex: 16    Spells: 17/35 levels left

rFire   + . .      SeeInvis +   p - +1 dagger (elec)
rCold   . . .      Faith    .   (no shield)
rNeg    . . .      Spirit   .   q - +2 robe {rF+}
rPois   .          Reflect  .   (helmet restricted)
rElec   .          Harm     .   (no cloak)
rCorr   .          Rampage  .   (gloves unavailable)
Will    +....      NoTele   +   (boots unavailable)
Stlth   ++........              (no amulet)
HPRegen 0.15/turn               (no ring)
MPRegen 0.21/turn               (no ring)

@: very quick
A: very small, no large weapons, unfitting armour, see invisible, speed 3
a: Renounce Religion


You were in the Dungeon.
You worshipped Vehumet.
Vehumet was extremely pleased with you.
You visited 1 branch You collected 31 gold pieces.

Inventory:

Hand Weapons
 p - a +1 dagger of electrocution (weapon)
Armour
 q - a +2 robe of fire resistance (worn)
Wands
 o - a wand of flame (17)
Scrolls
 g - a scroll of blinking
 i - a scroll of immolation {unknown}
 j - a scroll of identify {unknown}
 m - a scroll of torment {unknown}
 n - a scroll of butterflies {unknown}
Potions
 b - a potion of magic
 c - a potion of curing
 d - a potion of heal wounds
 f - a potion of berserk rage
 k - 2 potions of flight {unknown}
 l - 6 potions of mutation


   Skills:
 + Level 13.7 Dodging
 - Level 3.0 Stealth
 + Level 12.7 Spellcasting
 * Level 10.9 Conjurations
 + Level 13.6 Transmutations
 * Level 13.7 Earth Magic
 + Level 5.7 Poison Magic


You had 17 spell levels left.
You knew the following spells:

 Your Spells              Type           Power      Damage    Failure   Level
a - Sandblast             Erth           100%       2d20      0%          1
b - Stone Arrow           Conj/Erth      100%       3d13      1%          3
c - Petrify               Tmut/Erth      63%        N/A       1%          4
d - Apportation           Tloc           26%        N/A       4%          1
e - Magic Dart            Conj           100%       1d8       1%          1
f - Olgreb's Toxic Radia  Pois           37%        N/A       1%          4
g - Sticky Flame          Conj/Fire      36%        2d6       1%          4

Your spell library contained the following spells:

 Spells                   Type           Power      Damage    Failure   Level
 Freeze                   Ice            52%        1d7       1%          1
 Passwall                 Tmut/Erth      52%        N/A       1%          2
 Hailstorm                Conj/Ice       36%        3d9       1%          4
 Alistair's Intoxication  Tmut/Pois      34%        N/A       2%          5
 Frozen Ramparts          Ice            26%        1d4       4%          3


Dungeon Overview and Level Annotations

Branches:
Dungeon (1/1)

Altars:
Cheibriados
Dithmenos
Elyvilon
Fedhas
Gozag
Hepliaklqana
Kikubaaqudgha
Makhleb
Nemelex Xobeh
Okawaru
Qazlal
Ru
Sif Muna
Trog
Uskayaw
Vehumet
Wu Jian
Xom
Yredelemnul
Zin
The Shining One
Jiyva
Lugonu

Annotations:
D Dowan, Duvessa


Innate Abilities, Weirdness & Mutations

You are very small and have problems with some larger weapons.
You are too small for most types of armour.
You have supernaturally acute eyesight. (SInv)
You cover ground extremely quickly. (Speed+++)


Message History

Dowan looks even sicker.
Duvessa looks as sick as possible!
Dowan hits you with a +0 morningstar of distortion.
Space warps around you.
Unknown command.
Unknown command.
Dowan looks as sick as possible!
Duvessa looks as sick as possible!
Casting: Olgreb's Toxic Radiance (dangerous; 1% risk of failure)
Confirm with . or Enter, or press ? or * to list all spells.
Aiming: Stone Arrow (safe; 1% risk of failure)
Press: ? - help, Shift-Dir - straight line, f - Duvessa
Aim: Duvessa, wielding a +2 great sword of freezing and quivering curare-tipped darts (lightly wounded, extremely poisoned, 81% to hit)
The stone arrow hits Dowan!
Dowan is lightly wounded.
Dowan looks as sick as possible!
Duvessa looks as sick as possible!
Dowan closely misses you.
Unknown command.
Unknown command.
Casting: Stone Arrow (safe; 1% risk of failure)
Confirm with . or Enter, or press ? or * to list all spells.
Aiming: Stone Arrow (safe; 1% risk of failure)
Press: ? - help, Shift-Dir - straight line, f/p - Duvessa
Aim: Duvessa, wielding a +2 great sword of freezing and quivering curare-tipped darts (lightly wounded, extremely poisoned, 81% to hit)
The stone arrow hits Dowan!!
Dowan is heavily wounded.
Duvessa looks as sick as possible!
Your toxic aura wanes.
Dowan hits you with a +0 morningstar of distortion.
Space warps around you.
Unknown command.
Casting: Stone Arrow (safe; 1% risk of failure)
Confirm with . or Enter, or press ? or * to list all spells.
Aiming: Stone Arrow (safe; 1% risk of failure)
Press: ? - help, Shift-Dir - straight line, f/p - Duvessa
Aim: Duvessa, wielding a +2 great sword of freezing and quivering curare-tipped darts (lightly wounded, extremely poisoned, 81% to hit)
The stone arrow hits Dowan!!
Dowan is severely wounded.
Dowan gestures at you while chanting. The bolt of cold hits you!!!
Ouch! That really hurt!
You die...

#+#####################
#.§~§§'.#.)...'.#.#.#.+
#.#§§~#.#.#...##.#.#.##
'.#§§§#.#.#...#.#.#.#.#
#.#)§§#.).#...##.#.#.#
▓▓▓▓▓▓▓▓▓▓▓▓▓▓#.#.#.#
........~~~)..##.#.#.#
≈≈≈≈≈≈≈≈≈≈♣♣P.'.#.#.#.#
♣♣♣♣♣♣♣♣♣♣♣♣PP##@#.#.##
♣♣♣##e##### ♣♣ ♣♣♣♣♣♣♣
#.e.+ .##~~~~~≈. #...#
#.#~~~~≈.. #...#
.##+~~~≈≈# ##### ...#
#..# ####


You could see Duvessa (extremely poisoned) and Dowan (extremely poisoned).

Vanquished Creatures
  Rupert (D)
  Josephine (D)
  A centaur warrior (D)
  Urug (D)
  A lindwurm (D)
  A deep elf pyromancer (D)
  2 cane toads (D)
  A komodo dragon (D)
  A rime drake (D)
  An unseen horror (D)
  3 wandering mushrooms (D)
  2 tyrant leeches (D)
  5 blink frogs (D)
  A shadow (D)
  3 redbacks (D)
  A spatial vortex (D)
  A swamp drake (D)
  2 centaurs (D)
  An earth elemental (D)
  A water elemental (D)
  A necrophage (D)
  A jelly (D)
  A wizard (D)
  Jessica (D)
  A necromancer (D)
  3 humans (D)
  A kobold demonologist (D)
  A phantom (D)
  An endoplasm (D)
  2 rats (D)
44 creatures vanquished.

Vanquished Creatures (others)
  A plant (D)
1 creature vanquished.

Grand Total: 45 creatures vanquished

Notes
Turn   | Place    | Note
-------+----------+-------------------------------------------
     0 | D        | Groucho the Spriggan Earth Elementalist began the quest for
                  | the Orb.
     0 | D        | Reached XP level 1. HP: 9/9 MP: 5/5
    33 | D        | Noticed Jessica
    35 | D        | Killed Jessica
    36 | D        | Reached XP level 2. HP: 13/13 MP: 1/8
    36 | D        | Reached XP level 3. HP: 16/16 MP: 1/9
    40 | D        | Learned a level 3 spell: Stone Arrow
   597 | D        | Noticed a water elemental
   626 | D        | Killed a water elemental
   627 | D        | Reached skill level 5 in Dodging
   627 | D        | Reached skill level 5 in Spellcasting
   627 | D        | Reached skill level 5 in Transmutations
   627 | D        | Reached skill level 5 in Earth Magic
   627 | D        | Reached XP level 4. HP: 21/21 MP: 7/12
   663 | D        | Found a radiant altar of Vehumet.
   664 | D        | Found a shimmering blue altar of Sif Muna.
   664 | D        | Found an ancient bone altar of Kikubaaqudgha.
   664 | D        | Noticed a wizard
   667 | D        | Noticed a soul eater
   668 | D        | Killed a wizard
   669 | D        | Reached XP level 5. HP: 24/24 MP: 8/14
   679 | D        | Learned a level 4 spell: Petrify
   681 | D        | Learned a level 1 spell: Apportation
   684 | D        | Became a worshipper of Vehumet
   875 | D        | Found a shadowy altar of Dithmenos.
   877 | D        | Found a basalt altar of Yredelemnul.
   877 | D        | Found a sacrificial altar of Ru.
  1075 | D        | Found a glowing silver altar of Zin.
  1075 | D        | Found a glowing golden altar of the Shining One.
  1075 | D        | Found a white marble altar of Elyvilon.
  1075 | D        | Noticed a deep elf pyromancer
  1088 | D        | Killed a deep elf pyromancer
  1088 | D        | Reached * piety under Vehumet
  1088 | D        | Offered knowledge of Magic Dart by Vehumet.
  1089 | D        | Reached skill level 5 in Conjurations
  1089 | D        | Reached XP level 6. HP: 28/28 MP: 2/17
  1089 | D        | Reached XP level 7. HP: 32/32 MP: 2/19
  1424 | D        | Found a hide-covered altar of Uskayaw.
  1424 | D        | Found an iron altar of Okawaru.
  1426 | D        | Found a bloodstained altar of Trog.
  1427 | D        | Found an ornate altar of the Wu Jian Council.
  1427 | D        | Noticed a human
  1428 | D        | Noticed a human
  1437 | D        | Killed a human
  1439 | D        | Killed a human
  1442 | D        | Learned a level 1 spell: Magic Dart
  1579 | D        | Noticed a shadow
  1587 | D        | Killed a shadow
  1587 | D        | Reached ** piety under Vehumet
  1587 | D        | Offered knowledge of Static Discharge by Vehumet.
  1588 | D        | Reached XP level 8. HP: 36/36 MP: 17/21
  1621 | D        | Found a blossoming altar of Fedhas.
  1621 | D        | Found a stormy altar of Qazlal.
  1622 | D        | Found a snail-covered altar of Cheibriados.
  1622 | D        | Found a burning altar of Makhleb.
  1622 | D        | Found a hazy altar of Hepliaklqana.
  1622 | D        | Found a shimmering altar of Xom.
  1622 | D        | Found an opulent altar of Gozag.
  1622 | D        | Found a sparkling altar of Nemelex Xobeh.
  1622 | D        | Found a corrupted altar of Lugonu.
  1622 | D        | Found a viscous altar of Jiyva.
  1693 | D        | Noticed Josephine
  1697 | D        | Killed Josephine
  1698 | D        | Reached skill level 10 in Dodging
  1698 | D        | Reached skill level 10 in Transmutations
  1698 | D        | Reached skill level 10 in Earth Magic
  1729 | D        | Reached *** piety under Vehumet
  2029 | D        | Noticed a centaur warrior
  2030 | D        | Offered knowledge of Ignite Poison by Vehumet.
  2031 | D        | Reached skill level 10 in Spellcasting
  2031 | D        | Reached XP level 9. HP: 39/39 MP: 15/24
  2052 | D        | Killed a centaur warrior
  2364 | D        | Noticed an unseen horror
  2369 | D        | Killed an unseen horror
  2369 | D        | Offered knowledge of Olgreb's Toxic Radiance by Vehumet.
  2369 | D        | Reached **** piety under Vehumet
  2375 | D        | Learned a level 4 spell: Olgreb's Toxic Radiance
  2378 | D        | Noticed a wandering mushroom
  2384 | D        | Killed a wandering mushroom
  2385 | D        | Noticed a wandering mushroom
  2387 | D        | Noticed a wandering mushroom
  2391 | D        | Killed a wandering mushroom
  2391 | D        | Offered knowledge of Inner Flame by Vehumet.
  2392 | D        | Reached skill level 1 in Poison Magic
  2396 | D        | Killed a wandering mushroom
  2715 | D        | Noticed a cane toad
  2715 | D        | Noticed a komodo dragon
  2715 | D        | Noticed a cane toad
  2733 | D        | Killed a cane toad
  2734 | D        | Reached XP level 10. HP: 30/44 MP: 22/26
  2735 | D        | Killed a cane toad
  2735 | D        | Reached ***** piety under Vehumet
  2739 | D        | Offered knowledge of Airstrike by Vehumet.
  3637 | D        | Noticed a lindwurm
  3640 | D        | Killed a lindwurm
  3664 | D        | Reached skill level 10 in Conjurations
  3902 | D        | Offered knowledge of Sticky Flame by Vehumet.
  3903 | D        | Noticed Urug
  3924 | D        | Killed Urug
  4544 | D        | Learned a level 4 spell: Sticky Flame
  4558 | D        | Reached skill level 5 in Poison Magic
  4859 | D        | Noticed Rupert
  4905 | D        | Killed Rupert
  4906 | D        | Reached XP level 11. HP: 13/47 MP: 28/28
  5241 | D        | Noticed Dowan
  5241 | D        | Noticed Duvessa
  5248 | D        | Killed from afar by Dowan

Illustrated notes

Levels and vault maps discovered:
D:        dungeon_sprint_mu [sprint_mu_entry_cave, sprint_mu_temple_rooms,
          sprint_mu_d1_horrors, sprint_mu_d2_genie, sprint_mu_d3_branching,
          sprint_mu_orc_legion, sprint_mu_elf_gauntlet, sprint_mu_hive_nellie,
          sprint_mu_lair_fedhas, sprint_mu_vaults_butterflies,
          sprint_mu_slime_circle, sprint_mu_swamp_cave, sprint_mu_shoals_kraken,
          sprint_mu_blade_basic, sprint_mu_crypt_fortress,
          sprint_mu_tomb_spiral, sprint_mu_vestibule_basic,
          sprint_mu_gehenna_hellfire, sprint_mu_dis_giant,
          sprint_mu_tartarus_statrot, sprint_mu_cocytus_islands, sprint_mu_zot1]

Skill      XL: |  1  2  3  4  5  6  7  8  9 10 |
---------------+-------------------------------+-----
Dodging        | 4 5 6 8 9 10 12 13 | 13.7
Spellcasting   | 4 5 7 8 10 11 12 | 12.7
Transmutations | 3 5 8 9 10 11 13 | 13.6
Earth Magic    | 4 5 6 8 9 10 11 13 | 13.7
Conjurations   | 2 5 6 7 9 10 | 10.9
Poison Magic   | 2 5 |  5.7
Stealth        | |  3.0

Action                   |  1- 3 |  4- 6 |  7- 9 | 10-12 || total
-------------------------+-------+-------+-------+-------++-------
Melee: Unarmed           |     1 |       |       |       ||     1
       Dagger            |       |       |     3 |     6 ||     9
       Punch             |       |       |       |     1 ||     1
 Cast: Sandblast         |    20 |    13 |    10 |     1 ||    44
       Stone Arrow       |       |     5 |    38 |    57 ||   100
       Petrify           |       |       |     3 |       ||     3
       Olgreb's Toxic Ra |       |       |       |    10 ||    10
  Use: Potion            |       |       |     3 |     2 ||     5
 Stab: Sleeping          |       |       |     1 |     1 ||     2
Armor: Robe              |       |       |     1 |     1 ||     2
Dodge: Dodged            |     4 |     8 |    45 |    39 ||    96
